Construct Infanterie Kompanie
Selects Luftwaffe Battlegroup
Selects Luftwaffe Pioneer Support
Fallschirmpioneer Squad Paradrop
Fallschirmpioneer Squad Paradrop
Selects Flak 38 Anti-Air Emplacement
Construct Luftwaffe Kompanie
Selects Stuka Strafing Run
Marder III M Tank Destroyer
Selects Fallschirmjäger Squad Paradrop
Selects Fragmentation Bombs
Marder III M Tank Destroyer
Selects Flak 36 Anti-tank Gun Emplacement
Marder III M Tank Destroyer
Marder III M Tank Destroyer
Construct Panzer Kompanie